cohdb
Replays
Latest Replays
All Replays
Popular Replays
Top Player Replays
Match Explorer
How It Works
Community
CoH3 Stats
Reddit
Sign in to upload your games and track your stats! →
Sign in with Steam
Match 44620963
Unlisted
Match 44620963
Overview
Messages
Build Orders
End
Construct Infanterie Kompanie
Selects Mechanized Battlegroup
MG 42 Machine Gun Team
MG 42 Machine Gun Team
Grenadier Squad
GrW 34 Mortar Team
Construct Luftwaffe Kompanie
Selects Mobile Repair Stations
221 Scout Car
Jäger Squad
Jäger Squad
Luftwaffe Officer Quarters
Selects Wespe Self-propelled Artillery
Wespe Self-propelled Artillery
Wespe Self-propelled Artillery
Wespe Self-propelled Artillery
221 Scout Car
ailgbczvo
Yggdrasill
.
KILL NOOBS
SubsonicFinci
Landser
*Mule
FeriG
0
0
Comments
sign in to comment!
No comments posted yet!